 Dungeon Crawl Stone Soup version 0.28-b1-1-g3c77fb2ed1 (webtiles) character file.

Game seed: 7124288172139913962

5079 DildoBatman the Merchant of Misery (level 10, -3/74 HPs)
             Began as a Formicid Conjurer on Jan 28, 2022.
             Was a Believer of Kikubaaqudgha.
             Slain by a gnoll sergeant (15 damage)
             ... in a bailey.
             The game lasted 00:37:31 (10628 turns).

DildoBatman the Merchant of Misery (FoCj)          Turns: 10628, Time: 00:37:32

Health: -3/74      AC: 10    Str: 11    XL:     10   Next: 86%
Magic:  7/20       EV: 12    Int: 19    God:    Kikubaaqudgha [**....]
Gold:   389        SH:  0    Dex: 13    Spells: 8/23 levels left

rFire   + . .      SeeInvis +   a - +6 flail (vorpal)
rCold   . . .      Faith    .   (no shield)
rNeg    . . .      Spirit   .   M - +0 steam dragon scales
rPois   .          Reflect  .   (helmet unavailable)
rElec   .          Harm     .   Q - +1 cloak {Will+}
rCorr   .          Rampage  .   q - +0 pair of gloves
Will    ++...                   N - +0 pair of boots
Stlth   ++........              m - amulet of magic regeneration
HPRegen 1.02/turn               p - +4 ring of slaying
MPRegen 0.57/turn               x - ring of protection from fire

@: unable to read
A: permanent stasis, dig shafts and tunnels, antennae 3, four strong arms, fangs
1, regeneration 1, inability to read while threatened
a: Dig, Renounce Religion, Receive Corpses


You were in a bailey.
You worshipped Kikubaaqudgha.
Kikubaaqudgha was pleased with you.
You visited 2 branches of the dungeon, and saw 10 of its levels.
You also visited: Ossuary and Bailey.

You collected 543 gold pieces.
You spent 154 gold pieces at shops.

Inventory:

Hand Weapons
 a - a +6 vorpal flail (weapon)
 b - a +0 falchion
 c - a +0 hunting sling
Missiles
 e - 6 boomerangs
 f - 108 arrows
 w - 324 stones
 y - 33 sling bullets
 E - 19 bolts
 F - 5 javelins
 K - 6 poisoned darts
 S - 2 throwing nets
Armour
 q - a +0 pair of gloves (worn)
 M - +0 steam dragon scales (worn)
 N - a +0 pair of boots (worn)
 Q - a +1 cloak of willpower (worn)
Magical Staves
 h - a staff of fire
 O - a staff of cold
 W - a staff of earth
Jewellery
 m - an amulet of magic regeneration (around neck)
 p - a +4 ring of slaying (left hand)
 x - a ring of protection from fire (right hand)
 H - an amulet of the acrobat
 R - a ring of fire
Wands
 g - a wand of polymorph (5)
 k - a wand of iceblast (7)
 A - a wand of flame (11)
 C - a wand of digging (6)
Scrolls
 d - 5 scrolls of fog
 j - a scroll of holy word
 l - 2 scrolls of torment
 r - 3 scrolls of teleportation
 s - a scroll of enchant armour {unknown}
 t - a scroll of brand weapon {unknown}
 u - 3 scrolls of immolation
 v - 2 scrolls of fear
 z - a scroll of identify
 P - 2 scrolls of vulnerability
Potions
 i - 8 potions of curing
 n - a potion of lignification
 o - a potion of degeneration {unknown}
 B - a potion of brilliance {unknown}
 D - a potion of mutation
 G - 2 potions of flight
 I - a potion of heal wounds {unknown}
 J - a potion of cancellation
 L - a potion of ambrosia {unknown}


   Skills:
 - Level 5.0 Fighting
 - Level 5.0 Armour
 - Level 1.7 Dodging
 - Level 2.4 Stealth
 - Level 7.0 Spellcasting
 - Level 6.0 Conjurations
 - Level 9.0 Necromancy
 * Level 7.3 Earth Magic


You had 8 spell levels left.
You knew the following spells:

 Your Spells              Type           Power      Damage    Failure   Level
a - Searing Ray           Conj           58%        2d6       1%          2
b - Stone Arrow           Conj/Erth      62%        3d10      1%          3
c - Magic Dart            Conj           100%       1d8       1%          1
d - Vampiric Draining     Necr           40%        2d8       1%          3
h - Dispel Undead         Necr           40%        3d16      2%          4
z - Sublimation of Blood  Necr           40%        N/A       1%          2

Your spell library contained the following spells:

 Spells                   Type           Power      Damage    Failure   Level
 Animate Skeleton         Necr           80%        N/A       1%          1
 Pain                     Necr           100%       1d9       1%          1
 Sandblast                Erth           68%        2d15      1%          1
 Corpse Rot               Necr/Air       46%        N/A       2%          2
 Passwall                 Tmut/Erth      16%        N/A       3%          2
 Static Discharge         Conj/Air       18%        N/A       4%          2
 Dazzling Flash           Conj/Hex       36%        N/A       9%          3
 Beastly Appendage        Tmut           12%        N/A       10%         1
 Poisonous Vapours        Pois/Air       12%        N/A       16%         2
 Fulminant Prism          Conj/Hex       9%         3d7       28%         4
 Iskenderun's Mystic Bla  Conj/Tloc      18%        2d6       28%         4
 Sticky Flame             Conj/Fire      18%        2d4       28%         4
 Ignite Poison            Fire/Tmut/Pois 6%         N/A       30%         3
 Inner Flame              Hex/Fire       6%         N/A       30%         3
 Lesser Beckoning         Tloc           6%         N/A       30%         3
 Cause Fear               Hex            3%         N/A       69%         4
 Blade Hands              Tmut           3%         N/A       95%         5
 Manifold Assault         Tloc           6%         N/A       95%         5
 Silence                  Hex/Air        3%         N/A       95%         5
 Discord                  Hex            3%         N/A       100%        8
 Blink                    Tloc           Unusable   N/A       N/A         2

Dungeon Overview and Level Annotations

Branches:
Dungeon (9/15)             Temple (1/1) D:6         Ossuary (visited)
 Bailey (1/1)
   Lair: D:8-11         Orc: D:9-12

Altars:
Ashenzari
Cheibriados
Dithmenos
Elyvilon
Fedhas
Gozag
Hepliaklqana
Kikubaaqudgha
Makhleb
Nemelex Xobeh
Okawaru
Qazlal
Ru
Sif Muna
Trog
Uskayaw
Vehumet
Wu Jian
Xom
Yredelemnul
Zin

Shops:
D:4 !

Annotations:
D:7 1 exclusion
D:9 Harold


Innate Abilities, Weirdness & Mutations

You cannot be hasted, slowed, berserked, paralysed or teleported.
You can dig through walls and to a lower floor.
You have a pair of large antennae on your head. (SInv)
Your four strong arms can wield two-handed weapons with a shield.
You have very sharp teeth.
Your natural rate of healing is unusually fast.
You sometimes lose the ability to read scrolls when taking damage.


Message History

Confirm with . or Enter, or press ? or * to list all spells.
Aiming: Searing Ray (safe; 1% risk of failure)
Press: ? - help, Shift-Dir - straight line The searing ray hits the gnoll sergeant.
The gnoll sergeant is almost dead.
The searing ray hits the gnoll but does no damage. (Press . to maintain the ray.)
The gnoll sergeant hits you from afar with a +0 glaive.
The searing ray hits the gnoll sergeant but does no damage.
The gnoll sergeant is almost dead.
The searing ray hits the gnoll.
The gnoll is moderately wounded.
The gnoll sergeant hits you from afar with a +0 glaive!
The searing ray hits the gnoll sergeant but does no damage.
The gnoll sergeant is almost dead.
The searing ray hits the gnoll!
The gnoll is severely wounded.
The gnoll sergeant hits you from afar with a +0 glaive.
The searing ray hits the gnoll sergeant but does no damage.
The gnoll sergeant is almost dead.
The searing ray hits the gnoll.
The gnoll is almost dead.
You finish channelling your searing ray.
The gnoll sergeant hits you from afar with a +0 glaive.
Casting: Searing Ray (safe; 1% risk of failure)
Confirm with . or Enter, or press ? or * to list all spells.
Aiming: Searing Ray (safe; 1% risk of failure)
Press: ? - help, Shift-Dir - straight line The searing ray hits the gnoll sergeant but does no damage.
The gnoll sergeant is almost dead.
The searing ray hits the gnoll.
You kill the gnoll!
Kikubaaqudgha accepts your kill. (Press . to maintain the ray.)
The gnoll sergeant hits you from afar with a +0 glaive!
The searing ray hits the gnoll sergeant but does no damage.
The gnoll sergeant is almost dead.
The gnoll sergeant hits you from afar with a +0 glaive!
You die...
Kikubaaqudgha rasps: "You have failed me!
Welcome... death!"

♣♣≈≈...# ♣.≈..#
♣♣.≈..# ♣..≈..# {{{ {
♣..≈..# { { ###
♣♣..≈..# {{ ...#
♣♣...≈..##### .....
#♣♣♣.......'...#...$..
#∩†))......'.@.g)..8..
#♣♣♣.......'...#)).$..
♣♣...≈..##### .....
♣...≈..# {{ ...#
♣...≈..# ### ♣♣..≈..#
{ ♣♣.≈..# {{ ♣.≈..#


You could see a gnoll sergeant.

Vanquished Creatures
  A two-headed ogre (D:7)
  Maurice (D:9)
  Maggie (D:7)
  A troll (D:7)
  Eustachio (D:3)
  A wraith (D:9)
  4 yaks (D:8)
  Edmund (D:3)
  A water moccasin (D:6)
  2 orc warriors
  4 sky beasts
  A black bear (D:5)
  2 ogres (D:5)
  2 centaurs
  2 phantoms (D:5)
  3 bullfrogs
  A gnoll sergeant (D:9)
  A scorpion (D:4)
  3 bullfrog zombies
  5 hounds
  A human zombie (Ossuary)
  3 orc priests
  A jelly (D:4)
  3 centaur skeletons
  A centaur zombie (D:8)
  A gnoll shaman (Bailey)
  An iguana (D:5)
  3 orc wizards
  A killer bee zombie (D:5)
  3 mummies (Ossuary)
  8 adders
  23 gnolls
  A howler monkey skeleton (D:6)
  2 white imps
  3 adder zombies (Ossuary)
  An adder skeleton (D:4)
  2 worms
  3 dart slugs
  20 orcs
  11 endoplasms
  5 giant cockroaches
  5 goblins
  7 hobgoblins
  4 jackals (D:1)
  5 quokkas
  7 ball pythons
  9 bats
  4 frilled lizards
  3 goblin zombies (Ossuary)
  5 hobgoblin zombies (Ossuary)
  8 kobolds
  3 quokka zombies (Ossuary)
  6 rats
  3 rat zombies (Ossuary)
204 creatures vanquished.

Vanquished Creatures (others)
  17 plants (D:2)
17 creatures vanquished.

Grand Total: 221 creatures vanquished

Notes
Turn   | Place    | Note
-------+----------+-------------------------------------------
     0 | D:1      | DildoBatman the Formicid Conjurer began the quest for the
                  | Orb.
     0 | D:1      | Reached XP level 1. HP: 13/13 MP: 3/3
   184 | D:1      | Reached XP level 2. HP: 19/19 MP: 0/5
   187 | D:1      | Learned a level 2 spell: Searing Ray
   601 | D:1      | You fall into a shaft and drop 1 floor!
   703 | D:2      | Reached XP level 3. HP: 24/24 MP: 3/6
  1617 | D:2      | Learned a level 3 spell: Vampiric Draining
  1654 | D:2      | Reached XP level 4. HP: 16/30 MP: 0/7
  1938 | D:2      | Reached skill level 5 in Conjurations
  2479 | D:3      | Reached XP level 5. HP: 33/35 MP: 2/9
  2611 | D:3      | Found a faded altar of an unknown god.
  2707 | D:3      | Noticed a sky beast
  2757 | D:3      | Killed a sky beast
  2758 | D:3      | Reached XP level 6. HP: 33/41 MP: 1/11
  3373 | D:3      | Got the Guide on Shifting Air
  3579 | D:4      | Found a sand-covered staircase.
  3770 | Ossuary  | Entered an ossuary
  3778 | Ossuary  | Reached XP level 7. HP: 44/44 MP: 8/13
  3966 | Ossuary  | Reached skill level 5 in Spellcasting
  4292 | D:4      | Noticed Eustachio
  4498 | D:4      | Noticed Edmund
  4791 | D:4      | Found Tebini's Distillery.
  4798 | D:4      | Bought a potion of mutation for 112 gold pieces
  4798 | D:4      | Bought a potion of curing for 42 gold pieces
  4799 | D:4      | Gained mutation: You have large cloven feet. [potion of
                  | mutation]
  4799 | D:4      | Lost mutation: You have large cloven feet. [potion of
                  | mutation]
  4799 | D:4      | Gained mutation: You are partially covered in iridescent
                  | scales. (AC +2) [potion of mutation]
  4799 | D:4      | Gained mutation: You are partially covered in large bone
                  | plates. (SH +4) [potion of mutation]
  4800 | D:4      | Lost mutation: You are partially covered in large bone
                  | plates. (SH +4) [potion of mutation]
  4800 | D:4      | Lost mutation: You are partially covered in iridescent
                  | scales. (AC +2) [potion of mutation]
  4800 | D:4      | Gained mutation: You are agile. (Dex +2) [potion of
                  | mutation]
  4801 | D:4      | Lost mutation: You are agile. (Dex +2) [potion of mutation]
  4801 | D:4      | Gained mutation: You sometimes lose the ability to read
                  | scrolls when taking damage. [potion of mutation]
  4801 | D:4      | Gained mutation: You have hidden genetic potential. [potion
                  | of mutation]
  5078 | D:4      | Reached skill level 1 in Fighting
  5087 | D:4      | Reached skill level 1 in Armour
  5227 | D:5      | Entered Level 5 of the Dungeon
  5715 | D:6      | Noticed a water moccasin
  5749 | D:6      | Reached XP level 8. HP: 54/54 MP: 9/17
  5854 | D:6      | Found a staircase to the Ecumenical Temple.
  5896 | Temple   | Entered the Ecumenical Temple
  6165 | Temple   | Became a worshipper of Kikubaaqudgha
  6363 | D:6      | Gained mutation: You have very sharp teeth. [hidden
                  | potential]
  6429 | D:6      | Reached skill level 1 in Necromancy
  6471 | D:6      | Reached skill level 2 in Necromancy
  6488 | D:6      | Reached skill level 3 in Necromancy
  6625 | D:5      | Reached skill level 4 in Necromancy
  6778 | D:3      | Killed Eustachio
  6779 | D:3      | Reached skill level 5 in Necromancy
  6779 | D:3      | Reached XP level 9. HP: 34/61 MP: 4/19
  6927 | D:3      | You fall into a shaft and drop 2 floors!
  6994 | D:5      | Reached skill level 6 in Necromancy
  6998 | D:5      | Gained mutation: Your natural rate of healing is unusually
                  | fast. [hidden potential]
  6998 | D:5      | Lost mutation: You have hidden genetic potential. [hidden
                  | potential expressed]
  7657 | D:5      | Reached skill level 7 in Necromancy
  8261 | D:7      | Noticed a two-headed ogre
  8635 | D:7      | Noticed Maggie
  8650 | D:7      | Killed Maggie
  8651 | D:7      | Reached skill level 8 in Necromancy
  8681 | D:7      | Noticed a troll
  8692 | D:7      | Killed a troll
  8693 | D:7      | Reached skill level 9 in Necromancy
  8698 | D:7      | Learned a level 4 spell: Dispel Undead
  8702 | D:7      | Learned a level 3 spell: Stone Arrow
  8977 | D:7      | Killed a two-headed ogre
  8978 | D:7      | Reached XP level 10. HP: 24/71 MP: 6/20
  9286 | D:3      | Killed Edmund
  9286 | D:3      | Reached * piety under Kikubaaqudgha
  9286 | D:3      | Received a gift from Kikubaaqudgha
  9304 | D:3      | Learned a level 2 spell: Sublimation of Blood
 10034 | D:8      | Reached skill level 5 in Fighting
 10118 | D:8      | Reached skill level 5 in Armour
 10118 | D:8      | Reached skill level 5 in Earth Magic
 10230 | D:9      | Noticed Harold
 10419 | D:9      | Noticed Maurice
 10441 | D:9      | Killed Maurice
 10458 | D:9      | Found a flagged portal.
 10567 | Bailey   | Entered a bailey
 10614 | Bailey   | Reached ** piety under Kikubaaqudgha
 10628 | Bailey   | Slain by a gnoll sergeant

Illustrated notes

Levels and vault maps discovered:
D:1:      sevenhm_arrival_forest_fort_large_4, layout_basic,
          palyth_stone_intersect, columned_hall_lemuel
D:2:      wad_crossroads, layout_loops_ring, minmay_misc_feat_hallway,
          lexackson_kobold_supper
D:3:      layout_loops_corners, nicolae_ecumenical_snake_handling
D:4:      layout_gridville, enter_ossuary_2, grunt_ministairs_5,
          minmay_shop_grid_forest, kennysheep_small_square, uniq_eustachio,
          uniq_edmund
D:5:      layout_layer_cave
D:6:      layout_basic, minmay_temple_entry_antechambers
D:7:      lemuel_ice_spiral_2, layout_basic, uniq_maggie
D:8:      layout_basic, st_stairs_9
D:9:      layout_cave_pods, mainiacjoe_overflow_alcove_2, enter_bailey_6,
          uniq_harold, uniq_maurice, uniq_erolcha
Temple:   nicolae_temple_the_god_donut
Bailey:   bailey_polearm_gnolls_kennysheep, bailey

Skill      XL: |  1  2  3  4  5  6  7  8  9 10 |
---------------+-------------------------------+-----
Conjurations   | 4 5 6 |  6.0
Spellcasting   | 3 4 6 7 |  7.0
Fighting       | 2 4 5 |  5.0
Armour         | 2 3 5 |  5.0
Necromancy     | 5 9 |  9.0
Earth Magic    | 3 7 |  7.3
Dodging        | |  1.7
Stealth        | |  2.4

Action                   |  1- 3 |  4- 6 |  7- 9 | 10-12 || total
-------------------------+-------+-------+-------+-------++-------
Melee: Unarmed           |     2 |       |       |       ||     2
       Trident           |    11 |    18 |       |       ||    29
       Punch             |       |     1 |       |       ||     1
       Falchion          |       |       |    37 |       ||    37
       Hand axe          |       |       |     9 |       ||     9
       Bite              |       |       |     2 |     1 ||     3
       Flail             |       |       |       |    16 ||    16
 Fire: Hunting sling     |       |    11 |    47 |       ||    58
 Cast: Magic Dart        |    45 |    26 |    30 |     3 ||   104
       Searing Ray       |     4 |    28 |    62 |    23 ||   117
       Vampiric Draining |       |       |     8 |     2 ||    10
       Stone Arrow       |       |       |       |    10 ||    10
       Dispel Undead     |       |       |       |     3 ||     3
 Abil: Dig               |     1 |     3 |     7 |       ||    11
Evoke: Wand              |       |     1 |       |       ||     1
  Use: Scroll            |       |       |     5 |     9 ||    14
       Potion            |       |       |     3 |       ||     3
 Stab: Sleeping          |       |       |       |     1 ||     1
Armor: Robe              |     4 |     3 |    21 |       ||    28
       Steam dragon scal |       |       |     4 |    21 ||    25
Dodge: Dodged            |    22 |    16 |   139 |    45 ||   222
